 Dungeon Crawl Stone Soup version 0.31-a0-640-g39d97e502b (webtiles) character file.

Game seed: 979622049893273556

163 MackTheKnife the Magician (level 5, -5/43 HPs)
             Began as a Deep Elf Wanderer on Aug 27, 2023.
             Killed by divine providence
             ... invoked by an orc priest
              (10 damage)
             ... on level 3 of the Dungeon.
             The game lasted 00:03:47 (3513 turns).

MackTheKnife the Magician (Deep Elf Wanderer)       Turns: 3513, Time: 00:03:47

Health: -5/43      AC: 22    Str:  9    XL:     5   Next: 20%
Magic:  14/14      EV:  2    Int: 19    God:
Gold:   119        SH:  0    Dex: 14    Spells: 12/13 levels left

rFire   . . .        (no weapon)
rCold   . . .        (no shield)
rNeg    . . .        p - melded +0 leather armour
rPois   +            (helmet currently unavailable)
rElec   .            b - melded +0 cloak
rCorr   .            (gloves currently unavailable)
SInv    .            (boots currently unavailable)
Will    .....        (no amulet)
Stlth   ++           (no ring)
HPRegen 0.27/turn    (no ring)
MPRegen 0.14/turn

%: no passive effects
@: tree-form
A: stationary, stasis, torment immunity, boosted hp
a: no special abilities


You were on level 3 of the Dungeon.
You were a tree.
You visited 1 branch of the dungeon, and saw 4 of its levels.

You collected 119 gold pieces.


   Skills:
 - Level 1.5 Fighting
 - Level 2.6 Ranged Weapons
 - Level 1.0 Armour
 - Level 2.4 Stealth
 + Level 4.9 Spellcasting
 + Level 4.5 Fire Magic


You had 12 spell levels left.
You knew the following spells:

 Your Spells              Type           Power      Damage    Failure   Level
a - Foxfire               Conj/Fire      52%        2x1d6     4%          1

Your spell library contained the following spells:

 Spells                   Type           Power      Damage    Failure   Level
 Inner Flame              Hex/Fire       13%        N/A       16%         3
 Blink                    Tloc           8%         N/A       19%         2
 Manifold Assault         Tloc           4%         N/A       77%         4

Inventory:

Hand Weapons
 t - a +2 trident of pain {polearm}
   (You took it off an orc priest on level 3 of the Dungeon)
Missiles
 a - 6 curare-tipped darts {=fthrowing}
Armour
 b - a +0 cloak (melded)
 p - a +0 leather armour (melded)
   (You found it on level 1 of the Dungeon)
Magical Staves
 o - a staff of fire {!astaff}
   (You found it on level 1 of the Dungeon)
Scrolls
 e - a scroll of noise {unknown}
 f - 2 scrolls of fear {unknown}
 g - a scroll of brand weapon {unknown}
 h - 2 scrolls of vulnerability {unknown}
 i - a scroll of enchant weapon {unknown}
 j - a scroll of poison {unknown}
 k - a scroll of teleportation {unknown}
 q - 2 scrolls of identify {unknown}
Potions
 c - a potion of lignification {!q}
 d - 2 potions of resistance {unknown}
 l - a potion of degeneration {unknown}
 m - a potion of invisibility {unknown}
 n - a potion of enlightenment {unknown}
 r - a potion of might {unknown}
 s - 2 potions of curing {unknown}

Dungeon Overview and Level Annotations

Branches:
Dungeon (4/15) Zot: 20431
 Temple: D:4-7

Altars:
Hepliaklqana

Shops:
D:1 *

Annotations:
D:3 Menkaure

##
###'#...#......#..#.).######
.#
#.....####..#.##.ยง#.#.....#
.# #.....#
#..#......<..###.# .#
#.....# #..#######...# #.#
.# #.....# ##.## #######.#
.###.....# #..## #.....#
###......# #...#######)#####
..#.##########.Mo#.....#.#
#.#.# #.......oโ™ฃ#.###.#.##
#.#.# #.......###.#.#.#..#
..#.####.......# #.#...##.#
.##.#..........# #.#.####.#
#...#.##......## #.#.# #.#
..............####.#.####.#
..###.........##...#......#
....####....####.##########
.......#.##.# #.........#


You could see Menkaure, an orc priest and an orc.


Message History

You climb downwards.
The orc priest shouts!
Menkaure shouts!
The orc shouts!
Found a mace.
Found a stone staircase leading up.
There is a stone staircase leading up here.
There are monsters nearby!
There are monsters nearby!
There are monsters nearby!
The orc priest invokes the aid of Beogh against you.
Pain shoots through your body!
You climb upwards.
There is a stone staircase leading down here. ๐Ÿ˜• HP[-1]
You take 1 damage, and now have 24/25 hp.
You feel a surge of power!
You conjure some foxfire!
The orc priest hits you with a +2 trident of pain. ๐Ÿ˜• HP[-1] MP[-1]
You take 1 damage, and now have 23/25 hp.
You lost 1 mp, and now have 11/12 mp.
You feel a surge of power!
You conjure some foxfire!
The foxfire hits the orc priest.
The orc priest barely misses you. ๐Ÿ˜• HP[+1] MP[-1]
You lost 1 mp, and now have 10/12 mp.
You feel a surge of power!
You conjure some foxfire!
The foxfire hits the orc priest.
The foxfire hits the orc priest!
The foxfire hits the orc priest.
The orc priest hits you with a +2 trident of pain.
You writhe in agony. ๐Ÿ˜ฎ HP[-8] MP[-1]
You take 8 damage, and now have 16/25 hp.
MASSIVE DAMAGE!! (PAUSE)
You lost 1 mp, and now have 9/12 mp.
The foxfire hits the orc priest.
You kill the orc priest!
You have reached level 5! ๐Ÿ˜ฎ HP[+3] MP[+1]
You now have 29 max hp (+4).
You regained 3 hp, and now have 19/29 hp.
t - a +2 trident of pain {polearm} You see here an orc corpse.
You start resting. ๐Ÿ˜• HP[+6] MP[+4]
You regained 6 hp, and now have 25/29 hp.
Your mp is fully restored (14).
There is a stone staircase leading down here. ๐Ÿ˜• HP[+3]
You regained 3 hp, and now have 28/29 hp.
You climb downwards.
Level annotation: Menkaure Menkaure casts a spell at you.
You struggle to resist.
The orc priest closely misses you.
There is a stone staircase leading up here.
The orc closely misses you. The orc priest misses you.
You climb upwards.
There is a stone staircase leading down here. ๐Ÿ˜Ž HP[+1]
Your hp is fully restored (29).
Unknown command.
You feel a surge of power!
There is not enough space to conjure foxfire!
Unknown command.
You aren't wearing any rings or amulets.
Unknown command.
You aren't carrying any items that you can evoke.
Unknown command.
Okay, then.
Unknown command.
Unknown command.
You turn into a tree.
Your +0 cloak melds into your body.
Your +0 leather armour melds into your body.
Your roots penetrate the ground.
Menkaure hits you! The orc hits you but does no damage.
The orc priest hits you but does no damage.
You now have 43 max hp (+14).
You are now empty-handed.
You completely miss the orc priest. The orc hits you but does no damage.
The orc priest hits you but does no damage.
Menkaure completely misses you. ๐Ÿ˜ฎ HP[+1]
You smack the orc priest!
The orc hits you but does no damage. The orc priest hits you with a +0 whip.
Menkaure hits you!
* * * LOW HITPOINT WARNING * * *
๐Ÿ˜จ HP[-18]
You take 18 damage, and now have 12/43 hp.
MASSIVE DAMAGE!! (PAUSE)
You barely miss the orc priest. The orc hits you with a +0 hand axe.
* * * LOW HITPOINT WARNING * * *
The orc priest casts a cantrip, but nothing happens.
Menkaure hits you but does no damage. ๐Ÿ˜ฑ HP[-5]
You take 5 damage, and now have 7/43 hp.
You closely miss the orc priest. The orc hits you but does no damage.
The orc priest hits you but does no damage.
Menkaure hits you.
* * * LOW HITPOINT WARNING * * *
๐Ÿ˜ฑ HP[-2]
You take 2 damage, and now have 5/43 hp.
You closely miss the orc priest. The orc hits you but does no damage.
The orc priest mumbles some strange prayers to Beogh against you.
Beogh smites you!
You die...

Skill      XL: |  1  2  3  4 |
---------------+-------------+-----
Spellcasting   | 2 3 4 |  4.9
Fire Magic     | 3 4 |  4.5
Fighting       | |  1.5
Ranged Weapons | |  2.6
Armour         | |  1.0
Stealth        | |  2.4

Action                     |  1- 3 |  4- 6 || total
---------------------------+-------+-------++-------
  Melee: Staff             |     1 |       ||     1
         Unarmed           |       |     5 ||     5
   Fire: Sling             |    11 |       ||    11
   Cast: Foxfire           |    73 |    76 ||   149
    Use: Potion            |       |     1 ||     1
 Armour: Robe              |     2 |       ||     2
         Leather armour    |       |     3 ||     3
         Skin              |       |     9 ||     9
  Dodge: Dodged            |    11 |     8 ||    19

Levels and vault maps discovered:
D:1:      onia_arrival_zoo_common, layout_basic, serial_shops,
          nicolae_shop_tiny_statue_garden, serial_bayou, serial_bayou_shore_b,
          serial_bayou_lagoon_b, serial_bayou_lake_a, serial_bayou_pond_b,
          serial_bayou_crossing, serial_bayou_pond_b
D:2:      layout_rooms, uniq_jessica
D:3:      layout_basic, lemuel_crystal_altar, minmay_hedge_maze
D:4:      layout_rooms, nicolae_sif_muna_little_library,
          mainiacjoe_overflow_two_lobes, uniq_edmund, uniq_menkaure

Notes
Turn   | Place    | Note
-------+----------+-------------------------------------------
     0 | D:1      | MackTheKnife the Deep Elf Wanderer began the quest for the
                  | Orb.
     0 | D:1      | MackTheKnife set off with the following items: a +2 sling,
                  | a +0 cloak, a potion of lignification {!q}, a +0 robe; and
                  | the following spell memorised: Foxfire; and the following
                  | spells available to memorise: Inner Flame.
     0 | D:1      | Reached XP level 1. HP: 12/12 MP: 5/5
     0 | D:1      | magus.rc [v1.9.6]
     6 | D:1      | Noticed a wyvern
     6 | D:1      | Noticed a black bear
     6 | D:1      | Noticed a komodo dragon
    49 | D:1      | Reached skill level 2 in Spellcasting
   198 | D:1      | You add the spells Blink and Manifold Assault to your
                  | library.
   221 | D:1      | Reached XP level 2. HP: 16/16 MP: 5/7
   447 | D:1      | Found Avuamung's General Store.
   824 | D:1      | Reached skill level 3 in Fire Magic
  1533 | D:2      | Reached skill level 3 in Spellcasting
  1620 | D:2      | Reached XP level 3. HP: 20/20 MP: 4/9
  2204 | D:2      | Noticed Jessica
  2208 | D:2      | Killed Jessica
  2209 | D:2      | Reached skill level 4 in Spellcasting
  2209 | D:2      | Reached XP level 4. HP: 25/25 MP: 8/12
  2407 | D:3      | Reached skill level 4 in Fire Magic
  3277 | D:3      | Found a hazy altar of Hepliaklqana.
  3459 | D:4      | Noticed Menkaure
  3466 | D:3      | Reached XP level 5. HP: 19/29 MP: 10/14
  3511 | D:3      | HP: 7/43 [orc/+0 hand axe (5)]
  3513 | D:3      | Killed from afar by an orc priest

Vanquished Creatures
  An orc priest (D:3)
  Jessica (D:2)
  4 adders
  2 dart slugs
  5 orcs
  7 ball pythons
  5 endoplasms
  3 giant cockroaches
  8 goblins
  3 hobgoblins
  4 quokkas
  5 bats (D:1)
  5 frilled lizards
  7 kobolds
  3 rats
63 creatures vanquished.

Vanquished Creatures (collateral kills)
  5 foxfires
5 creatures vanquished.

Vanquished Creatures (others)
  249 foxfires
249 creatures vanquished.

Grand Total: 317 creatures vanquished

Table legend:
 A = Non-vault XP
 B = Vault XP
 C = Vault XP percentage of total XP
 D = Non-vault monster count
 E = Vault monster count
 F = Vault count percentage of total count
                 A         B        C        D         E       F
            +---------+---------+-------+---------+---------+-------
      Total |     185 |      49 |  20.9 |      54 |       9 |  14.3
            +---------+---------+-------+---------+---------+-------
        D:1 |      24 |      12 |  33.3 |      15 |       8 |  34.8
        D:2 |      42 |      37 |  46.8 |      15 |       1 |   6.2
        D:3 |     119 |       0 |   0.0 |      24 |       0 |   0.0
            +---------+---------+-------+---------+---------+-------

Skill      XL: |  1  2  3  4 |
---------------+-------------+-----
Spellcasting   | 2 3 4 |  4.9
Fire Magic     | 3 4 |  4.5
Fighting       | |  1.5
Ranged Weapons | |  2.6
Armour         | |  1.0
Stealth        | |  2.4

Action                     |  1- 3 |  4- 6 || total
---------------------------+-------+-------++-------
  Melee: Staff             |     1 |       ||     1
         Unarmed           |       |     5 ||     5
   Fire: Sling             |    11 |       ||    11
   Cast: Foxfire           |    73 |    76 ||   149
    Use: Potion            |       |     1 ||     1
 Armour: Robe              |     2 |       ||     2
         Leather armour    |       |     3 ||     3
         Skin              |       |     9 ||     9
  Dodge: Dodged            |    11 |     8 ||    19

Illustrated notes

Table legend:
 A = Kills in this place as a percentage of kills in the entire game.
 B = Kills by you in this place as a percentage of kills by you in the entire game.
 C = Kills by friends in this place as a percentage of kills by friends in the entire game.
 D = Other kills in this place as a percentage of other kills in the entire game.
 E = Experience gained in this place as a percentage of experience gained in the entire game.
 F = Experience gained in this place divided by the number of levels of this place that you have seen.
                   A       B       C       D       E      F
               +-------+-------+-------+-------+-------+----------------------
         Total | 100.0 | 100.0 |   N/A |   N/A | 100.0 |  58.5
       Dungeon | 100.0 | 100.0 |   N/A |   N/A | 100.0 |  58.5
               +-------+-------+-------+-------+-------+----------------------

Table legend: (Time is in decaauts)
 A = Elapsed time spent in this place.
 B = Non-inter-level travel time spent in this place.
 C = Inter-level travel time spent in this place.
 D = Time resting spent in this place.
 E = Time spent auto-exploring this place.
 F = Levels seen in this place.
 G = Mean time per level.
                   A        B        C        D        E       F      G
               +--------+--------+--------+--------+--------+-----+--------+
         Total |   3567 |   3442 |    125 |     42 |   2934 |   4 |  891.8 |
       Dungeon |   3567 |   3442 |    125 |     42 |   2934 |   4 |  891.8 |
               +--------+--------+--------+--------+--------+-----+--------+

Top non-repeatable levels by time:
     D:1: 1571 daAuts
     D:3: 1251 daAuts
     D:2: 740 daAuts
     D:4: 4 daAuts
